 Dungeon Crawl Stone Soup version 0.30-a0-535-g2c0b3469a7 (webtiles) character file.

Game seed: 15422142921896868496

23442 Bnni the Skirmisher (level 13, -5/101 HPs)
             Began as a Formicid Hexslinger on Dec 25, 2022.
             Was a High Priest of Okawaru.
             Killed by an exploding ice dragon (23 damage)
             ... ignited by their inner flame
             ... on level 11 of the Dungeon.
             The game lasted 00:35:01 (12758 turns).

Bnni the Skirmisher (Formicid Hexslinger)          Turns: 12758, Time: 00:35:02

Health: -5/101     AC: 10    Str: 18    XL:     13   Next: 35%
Magic:  11/20      EV: 11    Int: 16    God:    Okawaru [*****.]
Gold:   1446       SH: 19    Dex: 16    Spells: 2/20 levels left

rFire   . . .      SeeInvis +    n - +5 hand crossbow (drain)
rCold   + . .      Faith    .    L - +2 kite shield {reflect}
rNeg    . . .      Spirit   .    G - +3 leather armour {rC+}
rPois   +          Reflect  +    (helmet unavailable)
rElec   +          Harm     .    w - +1 cloak {rPois}
rCorr   +          Rampage  .    (no gloves)
Will    +....                    z - +0 pair of boots "Kypul" {Slay+5} Stlth
                                 E - amulet "Leru" {Reflect rElec rCorr Str+3 SH+5 Stlth-}
HPRegen 0.36/turn                l - ring of wizardry
MPRegen 0.17/turn                C - +4 ring of protection

@: corroded
A: permanent stasis, dig shafts and tunnels, antennae 3, four strong arms
a: Dig, Shaft Self, Renounce Religion, Heroism, Finesse, Duel


You were on level 11 of the Dungeon.
You worshipped Okawaru.
Okawaru was extremely pleased with you.
You visited 2 branches of the dungeon, and saw 12 of its levels.
You also visited: Bailey and Ice Cave.

You collected 1446 gold pieces.

Inventory:

Hand Weapons
 i - a +1 dagger of venom
 n - a +5 hand crossbow of draining (weapon)
 F - a +0 triple sword of holy wrath
Missiles
 I - 2 throwing nets
Armour
 w - a +1 cloak of poison resistance (worn)
 z - the +0 pair of boots "Kypul" (worn) {Slay+5}
   (Okawaru gifted it to you on level 10 of the Dungeon)

   Slay:      It affects your accuracy & damage with ranged weapons and melee
   (+5).
 G - a +3 leather armour of cold resistance (worn)
 L - a +2 kite shield of reflection (worn)
Jewellery
 l - a ring of wizardry (left hand)
 s - a ring of positive energy
 u - a ring of positive energy
 C - a +4 ring of protection (right hand)
 E - the amulet "Leru" (around neck) {Reflect rElec rCorr Str+3 SH+5 Stlth-}
   (You acquired it in a bailey)

   [amulet of reflection]

   It reflects blocked missile attacks.
   Str:       It affects your strength (+3).
   rElec:     It insulates you from electricity.
   rCorr:     It protects you from acid and corrosion.
   SH:        It affects your SH (+5).
   Stlth:     It makes you less stealthy.
Wands
 a - a wand of flame (16)
 c - a wand of roots (18)
 p - a wand of acid (8)
Scrolls
 b - 3 scrolls of poison
 d - 4 scrolls of magic mapping {unknown}
 k - 5 scrolls of enchant weapon
 r - a scroll of enchant armour {unknown}
 t - 6 scrolls of teleportation {unknown}
 v - 3 scrolls of immolation
 x - 2 scrolls of fear {unknown}
 y - a scroll of brand weapon {unknown}
 D - 2 scrolls of blinking {unknown}
 H - 2 scrolls of fog
 J - a scroll of vulnerability {unknown}
Potions
 e - 3 potions of brilliance {unknown}
 f - 9 potions of curing {unknown}
 g - 2 potions of attraction
 h - 4 potions of flight
 j - 4 potions of heal wounds
 m - a potion of invisibility {unknown}
 o - 2 potions of resistance {unknown}
 q - 3 potions of might
 A - 3 potions of lignification
 B - a potion of haste {unknown}
 K - a potion of mutation {unknown}


   Skills:
 + Level 9.1 Fighting
 * Level 12.0 Ranged Weapons
 - Level 5.0 Armour
 - Level 1.7 Dodging
 - Level 10.0 Shields
 - Level 4.0 Spellcasting
 - Level 11.3 Hexes
 - Level 2.0 Translocations
 - Level 2.0 Fire Magic
 - Level 2.0 Earth Magic
 * Level 10.2 Invocations


You had 2 spell levels left.
You knew the following spells:

 Your Spells              Type           Power      Damage    Failure   Level
a - Slow                  Hex            100%       N/A       1%          1
b - Inner Flame           Hex/Fire       24%        N/A       2%          3
c - Portal Projectile     Hex/Tloc       48%        N/A       2%          3
d - Cause Fear            Hex            19%        N/A       1%          4
e - Leda's Liquefaction   Hex/Erth       12%        N/A       10%         4
f - Dazzling Flash        Conj/Hex       42%        N/A       4%          3

Your spell library contained the following spells:

 Spells                   Type           Power      Damage    Failure   Level
 Shock                    Conj/Air       12%        1d3       16%         1
 Confusing Touch          Hex            39%        N/A       1%          3
 Gell's Gravitas          Tloc           9%         N/A       19%         3
 Lesser Beckoning         Tloc           18%        N/A       19%         3
 Teleport Other           Tloc           9%         N/A       19%         3
 Vhi's Electric Charge    Tloc/Air       12%        N/A       28%         3
 Ozocubu's Armour         Ice            3%         N/A       38%         3
 Enfeeble                 Hex            19%        N/A       71%         7
 Arcjolt                  Conj/Air       1%         1d11      98%         5
 Blade Hands              Tmut           1%         N/A       98%         5
 Irradiate                Conj/Tmut      1%         3d12      98%         5
 Conjure Ball Lightning   Conj/Air       1%         3x3d7     100%        6
 Dragon Form              Tmut           1%         N/A       100%        7
 Ozocubu's Refrigeration  Ice            1%         4d7       100%        7
 Maxwell's Capacitive Co  Air            1%         ∞         100%        8
 Fire Storm               Conj/Fire      3%         8d1       100%        9


Dungeon Overview and Level Annotations

Branches:
Dungeon (11/15)            Temple (1/1) D:7            Lair (0/5) D:9
    Orc (0/2) D:10         Bailey (visited)           IceCv (visited)

Altars:
Ashenzari
Cheibriados
Elyvilon
Fedhas
Hepliaklqana
Kikubaaqudgha
Nemelex Xobeh
Okawaru
Trog
Wu Jian
Xom
Zin

Shops:
D:1 *=[(

Annotations:
D:10 2 transporters


Innate Abilities, Weirdness & Mutations

You cannot be hasted, slowed, berserked, paralysed or teleported.
You can dig through walls and to a lower floor.
You have a pair of large antennae on your head. (SInv)
Your four strong arms can wield two-handed weapons with a shield.


Message History

Confirm with . or Enter, or press ? or * to list all spells.
Aiming: Slow (safe; 1% risk of failure)
Press: ? - help, Shift-Dir - straight line, f - ice dragon
Aim: an ice dragon (heavily wounded, inner flame, blind, catching its breath, lightly drained, chance to affect: 42%)
The ice dragon seems to slow down.
You see here a manticore corpse.
Items here: ) / [ ÷.
Items here: ))) [ ††††.
The ice dragon is no longer blind.
The ice dragon breathes frost at you. The blast of cold hits you! You resist.
* * * LOW HITPOINT WARNING * * *
Fire: n) +5 hand crossbow (drain)
Press: ? - help, Shift-Dir - straight line, f/p - ice dragon
Aim: an ice dragon (heavily wounded, inner flame, slow, catching its breath, lightly drained, 80% to hit)
You shoot a bolt. The bolt hits the ice dragon!
Flame seeps out of the ice dragon. x2; You drain the ice dragon.
Flame seeps out of the ice dragon.
The ice dragon is severely wounded.
The ice dragon is engulfed in blazing flames.
Flame seeps out of the ice dragon.
Fire: n) +5 hand crossbow (drain)
Press: ? - help, Shift-Dir - straight line, f/p - ice dragon
Aim: an ice dragon (severely wounded, inner flame, slow, lightly drained, 80% to hit)
You shoot a bolt. The bolt hits the ice dragon!
Flame seeps out of the ice dragon. x2; You drain the ice dragon.
Flame seeps out of the ice dragon.
The ice dragon is almost dead.
The ice dragon is engulfed in blazing flames.
Flame seeps out of the ice dragon.
The ice dragon breathes frost at you. The blast of cold misses you.
Fire: n) +5 hand crossbow (drain)
Press: ? - help, Shift-Dir - straight line, f/p - ice dragon
Aim: an ice dragon (flame, almost dead, inner flame, slow, lightly drained, 80% to hit)
You shoot a bolt. The bolt hits the ice dragon!
Okawaru accepts your kill.
The ice dragon explodes!
The fiery explosion engulfs you!!
You die...

.# ##...†.......# ###..
... #.)#..))..######....
....##.?##.....#####.....
#...^...)†#..###......##
#......⌠.#............#
###...§°§.....†.......##
#####°###..#..#......>
#§####.#.......#..
#####@.....#.###.....#
##......#####.###..#.##
#....}.........."..#.#
#.#..)..#####..<.....#
#.#.....# ######.###
#.......##########.#
#......#...........#
#.....###.#######..#
#..###.#.########..#


There were no monsters in sight!

Vanquished Creatures
  A reaper (IceCv)
  An ice dragon (D:11)
  A hydra (D:10)
  2 tengu warriors
  5 two-headed ogres
  Pikel (D:4)
  An ugly thing (D:11)
  A cyclops (D:11)
  2 manticores
  Maurice (D:11)
  2 ice statues (IceCv)
  A gargoyle (D:11)
  4 kobold demonologists
  2 komodo dragons
  2 anaconda simulacra (IceCv)
  6 ice devils (IceCv)
  An efreet (D:11)
  3 trolls
  A vampire (D:11)
  5 dire elephant simulacra (IceCv)
  Sigmund (D:5)
  A shadow (D:11)
  4 yaks (D:9)
  7 wyverns
  A human (shapeshifter) (D:11)
  A steam dragon (D:9)
  A death yak simulacrum (IceCv)
  3 harpy simulacra (IceCv)
  An acid dragon (D:11)
  3 water moccasins (D:9)
  An ice beast (D:8)
  24 orc warriors
  2 black bears
  A sky beast (D:7)
  2 ogres
  2 centaurs (D:5)
  A lemure (D:4)
  4 bullfrogs
  A necrophage (D:8)
  A two-headed ogre simulacrum (D:11)
  2 scorpions
  8 wights
  31 killer bees
  3 howler monkeys
  3 electric eels (Bailey)
  5 hounds
  2 jellies
  8 orc priests
  Crazy Yiuf (D:6)
  2 gnoll boudas (D:7)
  An iguana (D:5)
  Natasha (thrice) (D:2)
  12 orc wizards
  A spriggan simulacrum (IceCv)
  2 troll simulacra
  A wolf simulacrum (IceCv)
  9 gnolls
  6 adders
  2 shadow imps
  2 white imps
  An ufetubus (D:5)
  3 worms
  2 dart slugs
  54 orcs
  6 endoplasms
  3 giant cockroaches
  16 goblins
  15 hobgoblins
  3 quokkas
  8 ball pythons
  3 bats
  6 frilled lizards
  3 kobolds
  4 rats
  A spectral hobgoblin (D:10)
  A toadstool (D:1)
338 creatures vanquished.

Vanquished Creatures (others)
  A bush (D:9)
  4 fungi (D:9)
  16 plants
  3 toadstools (D:1)
24 creatures vanquished.

Grand Total: 362 creatures vanquished

Notes
Turn   | Place    | Note
-------+----------+-------------------------------------------
     0 | D:1      | Bnni the Formicid Hexslinger began the quest for the Orb.
     0 | D:1      | Reached XP level 1. HP: 15/15 MP: 2/2
    22 | D:1      | Found Epojiul's Jewellery Shoppe.
    26 | D:1      | Found Dioniag's General Store.
    73 | D:1      | Found Qilestag's Antique Weapon Shoppe.
    77 | D:1      | Found Junoiv's Armour Emporium.
   252 | D:1      | Reached XP level 2. HP: 21/21 MP: 3/3
   830 | D:2      | Found an ornate altar of the Wu Jian Council.
   842 | D:2      | Reached XP level 3. HP: 26/26 MP: 5/5
   846 | D:2      | Learned a level 3 spell: Inner Flame
  1136 | D:2      | Noticed Natasha
  1147 | D:2      | Killed Natasha
  1148 | D:2      | Reached XP level 4. HP: 24/33 MP: 6/6
  1206 | D:2      | Noticed Natasha
  1219 | D:2      | Killed Natasha
  1220 | D:2      | Reached skill level 3 in Ranged Weapons
  1298 | D:2      | Noticed Natasha
  1315 | D:2      | Killed Natasha
  1316 | D:2      | Reached XP level 5. HP: 13/38 MP: 3/8
  1533 | D:2      | Reached skill level 5 in Hexes
  1867 | D:3      | Learned a level 4 spell: Cause Fear
  2292 | D:4      | Noticed an ogre
  2354 | D:4      | Noticed a lemure
  2391 | D:4      | Killed a lemure
  2529 | D:4      | Reached XP level 6. HP: 46/46 MP: 9/9
  2835 | D:4      | Noticed Pikel
  2851 | D:4      | Killed Pikel
  2852 | D:4      | Reached skill level 4 in Ranged Weapons
  2852 | D:4      | Reached XP level 7. HP: 26/52 MP: 3/11
  3116 | D:4      | Reached XP level 8. HP: 58/58 MP: 3/12
  3464 | D:4      | Reached skill level 5 in Ranged Weapons
  3508 | D:5      | Entered Level 5 of the Dungeon
  3513 | D:5      | Noticed Sigmund
  3647 | D:5      | Killed Sigmund
  3648 | D:5      | Reached skill level 1 in Fire Magic
  3730 | D:5      | Learned a level 3 spell: Portal Projectile
  4714 | D:5      | Reached XP level 9. HP: 65/65 MP: 9/14
  5031 | D:6      | Reached skill level 1 in Translocations
  5035 | D:6      | Reached skill level 6 in Ranged Weapons
  5428 | D:6      | Found a runed translucent door.
  5431 | D:6      | Noticed Crazy Yiuf
  5453 | D:6      | Killed Crazy Yiuf
  5744 | D:7      | Reached skill level 5 in Shields
  5761 | D:7      | Reached skill level 5 in Fighting
  6098 | D:7      | Found a staircase to the Ecumenical Temple.
  6115 | Temple   | Entered the Ecumenical Temple
  6223 | Temple   | Became a worshipper of Warmaster Okawaru
  6477 | D:7      | Reached skill level 7 in Ranged Weapons
  6685 | D:8      | Noticed a manticore
  6692 | D:8      | Killed a manticore
  6692 | D:8      | Reached * piety under Okawaru
  6693 | D:8      | Reached skill level 1 in Invocations
  6693 | D:8      | Reached XP level 10. HP: 53/74 MP: 6/16
  6746 | D:8      | Noticed a tengu warrior
  6762 | D:8      | Killed a tengu warrior
  7090 | D:8      | Noticed a two-headed ogre
  7118 | D:8      | Killed a two-headed ogre
  7118 | D:8      | Reached ** piety under Okawaru
  7119 | D:8      | Reached skill level 8 in Ranged Weapons
  7119 | D:8      | Reached skill level 10 in Hexes
  7916 | D:8      | Identified a scroll of acquirement
  7918 | D:8      | Acquired a +5 hand crossbow of draining
  8038 | D:9      | Reached *** piety under Okawaru
  8039 | D:9      | Reached XP level 11. HP: 58/83 MP: 10/17
  8292 | D:9      | Reached skill level 9 in Ranged Weapons
  8310 | D:9      | Reached **** piety under Okawaru
  8399 | D:9      | Reached skill level 5 in Invocations
  8408 | D:9      | Found a flagged portal.
  8446 | Bailey   | Entered a bailey
  8734 | Bailey   | Acquired the amulet "Leru" {Reflect rElec rCorr Str+3 SH+5
                  | Stlth-}
  8746 | Bailey   | Acquired the Tome of Confrontation and Jinxing
  8753 | Bailey   | Learned a level 4 spell: Leda's Liquefaction
  8857 | Bailey   | Reached ***** piety under Okawaru
  8986 | Bailey   | Found an iron altar of Okawaru.
  9250 | D:9      | Acquired 872 gold pieces
  9575 | D:9      | Found a staircase to the Lair.
  9754 | D:10     | Entered Level 10 of the Dungeon
  9806 | D:10     | Learned a level 3 spell: Dazzling Flash
  9860 | D:10     | Reached skill level 10 in Ranged Weapons
  9860 | D:10     | Reached skill level 1 in Armour
  9899 | D:10     | Found a transporter.
  9901 | D:10     | Found a transporter.
  9902 | D:10     | Noticed a boulder beetle
  9926 | D:10     | Noticed a seven-headed hydra
  9956 | D:10     | Killed a seven-headed hydra
 10139 | D:10     | Identified the +0 pair of boots "Kypul" {Slay+5} (Okawaru
                  | gifted it to you on level 10 of the Dungeon)
 10139 | D:10     | Received a gift from Okawaru
 10162 | D:10     | Reached XP level 12. HP: 91/91 MP: 18/18
 10193 | D:10     | Found a staircase to the Orcish Mines.
 10219 | D:10     | Found a hazy altar of Hepliaklqana.
 10321 | D:10     | Noticed a two-headed ogre
 10326 | D:10     | Killed a two-headed ogre
 10836 | D:11     | Noticed a two-headed ogre
 10839 | D:11     | Killed a two-headed ogre
 10950 | D:11     | Found a frozen archway.
 10959 | IceCv    | Entered an ice cave
 11598 | IceCv    | Reached skill level 11 in Ranged Weapons
 12078 | IceCv    | Received a gift from Okawaru
 12078 | IceCv    | Found the +8 Wrath of Trog {antimagic, *Rage Rampage}
 12281 | IceCv    | Noticed a reaper
 12293 | IceCv    | Killed a reaper
 12428 | D:11     | Noticed Maurice
 12435 | D:11     | Killed Maurice
 12444 | D:11     | Noticed a two-headed ogre
 12445 | D:11     | Noticed a two-headed ogre
 12450 | D:11     | Killed a two-headed ogre
 12451 | D:11     | Reached XP level 13. HP: 35/99 MP: 15/19
 12470 | D:11     | Reached skill level 10 in Shields
 12592 | D:11     | Reached skill level 1 in Earth Magic
 12691 | D:11     | Reached skill level 5 in Armour
 12691 | D:11     | Reached skill level 10 in Invocations
 12701 | D:11     | Reached skill level 12 in Ranged Weapons
 12741 | D:11     | Noticed an ice dragon
 12758 | D:11     | Killed an ice dragon
 12758 | D:11     | Killed by an exploding ice dragon... ignited by their inner
                  | flame

Illustrated notes

Levels and vault maps discovered:
D:1:      ldierk_water_garden, layout_basic, serial_shops, shop,
          nicolae_square_shop, shop, shop, minmay_tetromino_o2
D:2:      layout_basic, basic_altar, uniq_natasha
D:3:      layout_rooms
D:4:      layout_gridville, uniq_pikel
D:5:      layout_layer_cave, uniq_sigmund
D:6:      layout_rooms, grunt_ministairs_11, uniq_crazy_yiuf_cottage
D:7:      layout_loops_ring, minmay_temple_entry_slanted
D:8:      minmay_opposing_rooms, layout_cave_pods
D:9:      layout_stronghold, minmay_lair_entry_grove, enter_bailey_3
D:10:     gammafunk_boulding_lane, layout_basic,
          nicolae_hepliaklqana_monster_ancestors, david_orc_5
D:11:     regret_index_wax_grids, layout_loops_ring,
          portal_ice_cave_entry_ice_simulacra, nicolae_trove_entry_diagonal,
          grunt_ogre_cave, uniq_gastronok, uniq_maurice
Temple:   mainiacjoe_temple_circle_huts

Skill      XL: |  1  2  3  4  5  6  7  8  9 10 11 12 13 |
---------------+----------------------------------------+-----
Hexes          | 4 5 6 7 9 10 11 | 11.3
Fighting       | 2 3 4 5 6 7 8 9 |  9.1
Ranged Weapons | 3 4 5 7 8 10 11 12 | 12.0
Spellcasting   | 2 3 4 |  4.0
Shields        | 2 3 5 7 8 9 10 | 10.0
Fire Magic     | 2 |  2.0
Translocations | 2 |  2.0
Invocations    | 1 4 6 9 10 | 10.2
Armour         | 1 4 5 |  5.0
Earth Magic    | 2 |  2.0
Dodging        | |  1.7

Action                   |  1- 3 |  4- 6 |  7- 9 | 10-12 | 13-15 || total
-------------------------+-------+-------+-------+-------+-------++-------
Melee: Sling             |       |       |     1 |       |       ||     1
 Fire: Sling             |    93 |   196 |   141 |       |       ||   430
       Shortbow          |       |       |   186 |    87 |       ||   273
       Hand crossbow     |       |       |       |   403 |   100 ||   503
 Cast: Slow              |     2 |    23 |    32 |    20 |     3 ||    80
       Inner Flame       |       |       |    11 |    15 |     2 ||    28
       Dazzling Flash    |       |       |       |     3 |     2 ||     5
       Leda's Liquefacti |       |       |       |     3 |     1 ||     4
       Cause Fear        |       |       |       |     1 |     2 ||     3
       Portal Projectile |       |       |       |     1 |       ||     1
Invok: Heroism           |       |       |       |     1 |     1 ||     2
       Finesse           |       |       |       |     1 |       ||     1
 Abil: Dig               |       |     1 |     2 |     2 |       ||     5
Evoke: Wand              |       |     3 |       |       |       ||     3
  Use: Scroll            |       |     5 |     1 |     8 |       ||    14
       Potion            |       |       |     1 |       |       ||     1
Armor: Robe              |     5 |    18 |    39 |    42 |       ||   104
       Leather armour    |       |       |       |    43 |    19 ||    62
Dodge: Dodged            |    29 |    68 |   114 |   117 |    20 ||   348
Block: Kite shield       |       |       |    70 |   244 |    54 ||   368
       Reflection        |       |       |       |     9 |     3 ||    12

Table legend: (Time is in decaauts)
 A = Elapsed time spent in this place.
 B = Non-inter-level travel time spent in this place.
 C = Inter-level travel time spent in this place.
 D = Time resting spent in this place.
 E = Time spent auto-exploring this place.
 F = Levels seen in this place.
 G = Mean time per level.
                   A        B        C        D        E       F      G
               +--------+--------+--------+--------+--------+-----+--------+
         Total |  13198 |  12857 |    341 |   2284 |   7508 |  14 |  942.7 |
       Dungeon |  10689 |  10370 |    319 |   1314 |   6633 |  11 |  971.7 |
        Temple |    131 |    109 |     22 |      0 |     91 |   1 |  131.0 |
        Bailey |    865 |    865 |      0 |    202 |    288 |   1 |  865.0 |
      Ice Cave |   1511 |   1511 |      0 |    768 |    495 |   1 | 1511.0 |
               +--------+--------+--------+--------+--------+-----+--------+

Top non-repeatable levels by time:
   IceCv: 1511 daAuts
     D:5: 1430 daAuts
     D:8: 1426 daAuts
     D:2: 1145 daAuts
     D:9: 1090 daAuts
     D:4: 1016 daAuts
  Bailey: 865 daAuts
    D:10: 865 daAuts
     D:6: 839 daAuts
    D:11: 765 daAuts
     D:3: 733 daAuts
     D:1: 711 daAuts
     D:7: 666 daAuts
  Temple: 131 daAuts
